 Dungeon Crawl Stone Soup version 0.32-a0-616-g9348d4545b (webtiles) character file.

Game seed: 2693639405461373112

84 smashvw the Caller (level 4, -1/21 HPs)
             Began as a Felid Summoner on Mar 6, 2024.
             Slain by a nameless horror (3 damage)
             ... created by miscasting Summon Blazeheart Golem
             ... on level 3 of the Dungeon.
             The game lasted 00:13:49 (2640 turns).

smashvw the Caller (Felid Summoner)                 Turns: 2640, Time: 00:13:50

Health: -1/21      AC:  1    Str:  4    XL:     4   Next: 23%
Magic:  0/9        EV:  9    Int: 20    God:
Gold:   152        SH:  0    Dex: 23    Spells: 1/9 levels left
                                        Lives:  0   Deaths: 2

rFire   . . .        (weapon unavailable)
rCold   . . .        (shield unavailable)
rNeg    . . .        (body armour unavailable)
rPois   .            (helmet unavailable)
rElec   .            (cloak unavailable)
rCorr   .            (gloves unavailable)
SInv    +            (boots unavailable)
Will    .....        c - amulet of reflection
Stlth   +++          m - ring "Gif Feg" {Dex+6 SInv}
HPRegen 0.23/turn    (no ring)
MPRegen 0.11/turn

%: reflection
@: unable to call your familiar, held
A: very small, claws 1, fangs 3, see invisible, shaggy fur 1, stealthy paws, no
weapons or thrown items, no armour, multi-lived
a: no special abilities


You were on level 3 of the Dungeon.
You visited 1 branch of the dungeon, and saw 3 of its levels.

You collected 152 gold pieces.

Inventory:

Jewellery
 b - an amulet of guardian spirit
 c - an amulet of reflection (around neck)
 h - a ring of resist corrosion
 m - the ring "Gif Feg" (left paw) {Dex+6 SInv}
   (You found it on level 3 of the Dungeon)

   [ring of dexterity]

   Dex+6:     It affects your dexterity (+6).
   SInv:      It lets you see invisible.
Scrolls
 d - a scroll of teleportation {unknown}
 i - a scroll of fog
 j - a scroll of revelation {unknown}
 k - 2 scrolls of identify {unknown}
Potions
 a - a potion of magic
 f - a potion of curing {unknown}
 l - a potion of degeneration {unknown}


   Skills:
 - Level 2.6 Dodging
 - Level 2.6 Stealth
 + Level 3.2 Spellcasting
 + Level 4.9 Summonings
 + Level 0.3 Fire Magic


You had one spell level left.
You knew the following spells:

 Your Spells              Type           Power      Damage    Failure   Level
a - Summon Small Mammal   Summ           92%        N/A       1%          1
b - Call Canine Familiar  Summ           23%        N/A       5%          3
c - Summon Blazeheart Go  Fire/Summ      13%        N/A       43%         4

Your spell library contained the following spells:

 Spells                   Type           Power      Damage    Failure   Level
 Kiss of Death            Conj/Necr      12%        2d6       14%         1
 Call Imp                 Summ           46%        N/A       2%          2
 Ensorcelled Hibernation  Hex/Ice        6%         N/A       22%         2
 Confusing Touch          Hex            3%         N/A       38%         3
 Passwall                 Erth           3%         N/A       38%         3
 Swiftness                Air            3%         N/A       38%         3
 Summon Lightning Spire   Summ/Air       13%        N/A       45%         4
 Dispel Undead            Necr           3%         3d7       80%         4


Dungeon Overview and Level Annotations

Branches:
Dungeon (3/15)

Altars:
Trog
Uskayaw


Innate Abilities, Weirdness & Mutations

You have sharp claws.
You have razor-sharp teeth.
You have supernaturally acute eyesight. (SInv)
You are covered in fur. (AC +1)
Your paws help you pounce on unaware monsters.
You are incapable of wielding weapons or throwing items.
You cannot wear armour.
You gain extra lives every three experience levels.


Message History

Your quokka bites the nameless horror.
Send 'em back where they came from!
Your inugami shudders.
Your quokka disappears in a puff of smoke!
Your inugami hits the nameless horror.
The nameless horror barely misses your inugami.
Your inugami hits the nameless horror but does no damage.
The nameless horror hits your inugami.
Your inugami hits the nameless horror but does no damage.
Send 'em back where they came from!
Your inugami shudders.
Your inugami hits the nameless horror.
Send 'em back where they came from!
Your inugami shudders.
Your inugami hits the nameless horror but does no damage.
The nameless horror hits your inugami!
Your inugami hits the nameless horror but does no damage.
The nameless horror hits your inugami.
Your inugami dies!
Your inugami disappears in a puff of smoke!
The ribbon worm barely misses you.
Okay, then.
As you read the scroll labelled WOISAAMNETT, it dissolves into smoke.
It was a scroll of fog.
The ribbon worm completely misses you. The nameless horror hits you!
Ouch! That really hurt!
* * * LOW HITPOINT WARNING * * *
You feel your power leaking away.
Okay, then.
As you read the scroll labelled GEDEOXT VULOM, it crumbles to dust.
It is a scroll of enchant armour.
You aren't carrying any armour which can be enchanted further.
The ribbon worm expels a string of sticky webbing.
The stream of webbing hits you but does no damage.
You are caught in a web!
The nameless horror hits you.
* * * LOW HITPOINT WARNING * * *
As you read the scroll labelled OGOHOTT USOESO, it crumbles to dust.
It is a scroll of enchant weapon.
You aren't carrying any weapons that can be enchanted.
The nameless horror hits you.
You die...

.................#
##.#
..######.....#...####
...
......................
#..
########.....#########
#.. #...........# #..
####.######.#######..
#§# #.##....... #X#
#.......... #@#
####......# #####w#
#....... ######...§§#
#.....## #.........÷#
#.....# #..........#
#.....## #..........#
###..... #..........#
#...ß.
...##.(†.......#####
#.....
........#########..#
#.....


You could see a nameless horror and a ribbon worm (catching breath).

Vanquished Creatures
  A ribbon worm (D:2)
  2 bats
  An endoplasm (D:2)
  A goblin (D:2)
  A hobgoblin (D:1)
  A ball python (D:2)
  2 frilled lizards
9 creatures vanquished.

Vanquished Creatures (collateral kills)
  2 adders
  3 ribbon worms (D:2)
  6 ball pythons
  2 endoplasms (D:1)
  A giant cockroach (D:2)
  5 hobgoblins
  2 jackals (D:1)
  3 kobolds
  A quokka (D:2)
  10 bats
  2 frilled lizards
  7 goblins
  5 rats
49 creatures vanquished.

Grand Total: 58 creatures vanquished

Notes
Turn   | Place    | Note
-------+----------+-------------------------------------------
     0 | D:1      | smashvw the Felid Summoner began the quest for the Orb.
     0 | D:1      | Reached XP level 1. HP: 9/9 MP: 4/4
   341 | D:1      | Reached XP level 2. HP: 13/13 MP: 0/6
   411 | D:1      | Found a faded altar of an unknown god.
  1290 | D:2      | Reached XP level 3. HP: 16/16 MP: 5/8
  1585 | D:2      | Learned a level 3 spell: Call Canine Familiar
  2077 | D:3      | Reached XP level 4. HP: 21/21 MP: 7/9
  2077 | D:3      | Gained a life (2 lives remaining)
  2104 | D:3      | Learned a level 4 spell: Summon Blazeheart Golem
  2106 | D:3      | Found a hide-covered altar of Uskayaw.
  2170 | D:3      | Found a bloodstained altar of Trog.
  2233 | D:3      | Noticed a nameless horror
  2244 | D:3      | HP: 1/21 [nameless horror[miscasting Summon Blazeheart
                  | Golem] (16)]
  2250 | D:3      | Slain by a ribbon worm
  2250 | D:3      | Lost a life (1 life remaining)
  2251 | D:3      | Noticed a nameless horror
  2364 | D:2      | Slain by a nameless horror
  2364 | D:2      | Lost a life (0 lives remaining)
  2524 | D:3      | Identified the ring "Gif Feg" {Dex+6 SInv}
  2639 | D:3      | HP: 1/21 [nameless horror[miscasting Summon Blazeheart
                  | Golem] (3)]
  2640 | D:3      | Slain by a nameless horror

Illustrated notes

Levels and vault maps discovered:
D:1:      minmay_arrival_nine_rooms, layout_basic, serial_rivers,
          chequers_serial_rivers_small_3, chequers_serial_rivers_marsh,
          chequers_serial_rivers_room_b, chequers_serial_rivers_small_a,
          chequers_serial_rivers_micro_b, chequers_serial_rivers_small_b,
          ebering_ecumenical_altar_sacrificial, hex_intersection
D:2:      layout_basic, grunt_ministairs_11, minivault_11,
          hangedman_abyss_or_decor_lesser_grid, corexii_shack, moated_statue
D:3:      layout_basic, mainiacjoe_overflow_paths,
          eat_drink_and_be_merry_uskayaw, gammafunk_ghost_necromancy

Skill      XL: |  1  2  3 |
---------------+----------+-----
Spellcasting   | 3 |  3.2
Dodging        | |  2.6
Stealth        | |  2.6
Summonings     | |  4.9
Fire Magic     | |  0.3

Action                     |  1- 3 |  4- 6 || total
---------------------------+-------+-------++-------
  Melee: Unarmed           |    33 |     8 ||    41
         Bite              |     3 |       ||     3
   Cast: Summon Small Mamm |    74 |     5 ||    79
         Call Canine Famil |     4 |     2 ||     6
         Summon Blazeheart |       |     6 ||     6
    Use: Scroll            |       |     4 ||     4
 Armour: Skin              |    37 |    35 ||    72
  Dodge: Dodged            |    51 |    63 ||   114
  Block: Other             |    20 |    16 ||    36
         Reflection        |     2 |       ||     2

Table legend: (Time is in decaauts)
 A = Elapsed time spent in this place.
 B = Non-inter-level travel time spent in this place.
 C = Inter-level travel time spent in this place.
 D = Time resting spent in this place.
 E = Time spent auto-exploring this place.
 F = Levels seen in this place.
 G = Mean time per level.
                   A        B        C        D        E       F      G
               +--------+--------+--------+--------+--------+-----+--------+
         Total |   2649 |   2584 |     65 |     73 |   1763 |   3 |  883.0 |
       Dungeon |   2649 |   2584 |     65 |     73 |   1763 |   3 |  883.0 |
               +--------+--------+--------+--------+--------+-----+--------+

Top non-repeatable levels by time:
     D:1: 1162 daAuts
     D:2: 988 daAuts
     D:3: 498 daAuts
